 Dungeon Crawl Stone Soup version 0.22-a0-197-g4ac3794 (webtiles) character file.

70 vishdafish the Slasher (level 4, 34/34 HPs)
             Began as a Demonspawn Warper on Feb 18, 2018.
             Quit the game on level 2 of the Dungeon.
             The game lasted 00:02:13 (1923 turns).

vishdafish the Slasher (Demonspawn Warper)          Turns: 1923, Time: 00:02:13

Health: 34/34      AC:  4    Str: 11    XL:     4   Next: 3%
Magic:  7/7        EV: 12    Int: 16    God:
Gold:   90         SH:  0    Dex: 12    Spells: 7/7 levels left

rFire    . . .     SeeInvis .   a - +0 falchion
rCold    . . .     Gourm    .   (no shield)
rNeg     . . .     Faith    .   b - +0 leather armour
rPois    .         Spirit   .   (no helmet)
rElec    .         Reflect  .   j - +0 cloak
rCorr    .         Harm     .   (no gloves)
MR       .....                  (no boots)
Stlth    +.........             d - amulet of magic regeneration (curse)
HPRegen  0.11/turn              (no ring)
MPRegen  0.35/turn              (no ring)

@: no status effects
A: claws 1, demonic guardian 1
a: no special abilities


You were on level 2 of the Dungeon.
You were not hungry.

You visited 1 branch of the dungeon, and saw 2 of its levels.

You collected 90 gold pieces.

Inventory:

Hand Weapons
 a - a +0 falchion (weapon)
Missiles
 e - 2 tomahawks of dispersal (quivered)
 h - 16 bolts
Armour
 b - a +0 leather armour (worn)
 j - a +0 cloak (worn)
Jewellery
 d - a cursed amulet of magic regeneration (around neck)
Scrolls
 i - 3 scrolls of identify {unknown}
 l - a scroll of remove curse {unknown}
 n - a scroll of teleportation {unknown}
 q - a scroll of enchant weapon {unknown}
Potions
 g - a potion of magic {unknown}
 k - 2 potions of flight {unknown}
 m - a potion of lignification {unknown}
 p - a potion of agility {unknown}
Books
 c - a book of Spatial Translocations

   Spells                             Type                      Level
   a - Blink                          Translocation                2
   b - Shroud of Golubria             Charms/Translocation         2
   c - Lesser Beckoning               Translocation                3
   d - Gell's Gravitas                Translocation                3
   e - Teleport Other                 Translocation                3
   f - Passage of Golubria            Translocation                4
Comestibles
 f - 5 rations


   Skills:
 + Level 2.7 Fighting
 * Level 3.0 Long Blades
 - Level 1.0 Throwing
 - Level 1.0 Armour
 + Level 2.3 Dodging
 - Level 2.0 Spellcasting
   Level 2.6 Translocations


You had 7 spell levels left.
You didn't know any spells.

Dungeon Overview and Level Annotations

Branches:
Dungeon (2/15)

Altars:


Innate Abilities, Weirdness & Mutations

You have sharp fingernails.
A weak demonic guardian rushes to your aid.


Message History

You now have 80 gold pieces (gained 7).
Found a stone staircase leading up.
You now have 90 gold pieces (gained 10).
You see here a worm corpse.
You are feeling very hungry.
No target in view!
You butcher the goblin corpse.
o - 3 chunks of flesh
Things that are here:
a club; a goblin skeleton
Things that are here:
a club; a goblin skeleton Eating one of 3 chunks of flesh.
You eat one of the 3 chunks of flesh.
This raw flesh tastes terrible.
Things that are here:
a club; a goblin skeleton All of the chunks of flesh in your inventory have rotted away.
You see here 17 sling bullets.
An adder comes into view.
Are you sure you want to abandon this character and quit the game? (Confirm with "yes".)

######### ...S....#
#.######@# ... ..##.#
##### #.# #.##.#
########...# #.#
#.##.#####......(...#
#.#
#.[........######...#
#.#
#......##########....
#.# #.##.#.#
#.......... #.#
#.##.#.# #.#####....
######.###.##.#(# #.#
#..##


You could see an adder.

Vanquished Creatures
  2 adders (D:2)
  A worm (D:2)
  3 dart slugs
  A leopard gecko (D:1)
  3 bats
  3 giant cockroaches
  7 goblins
  8 hobgoblins
  6 kobolds
  2 frilled lizards
  4 rats
40 creatures vanquished.

Notes
Turn   | Place    | Note
-------+----------+-------------------------------------------
     0 | D:1      | vishdafish the Demonspawn Warper began the quest for the Orb.
     0 | D:1      | Reached XP level 1. HP: 16/16 MP: 3/3
    12 | D:1      | Reached skill level 2 in Long Blades
    12 | D:1      | Reached skill level 1 in Throwing
    12 | D:1      | Reached skill level 1 in Armour
   320 | D:1      | Gained mutation: A weak demonic guardian rushes to your aid. [demonic ancestry]
   320 | D:1      | Reached XP level 2. HP: 7/22 MP: 5/5
  1331 | D:2      | Reached XP level 3. HP: 24/28 MP: 6/6
  1686 | D:2      | Reached skill level 3 in Long Blades
  1759 | D:2      | Gained mutation: You have sharp fingernails. [demonic ancestry]
  1759 | D:2      | Reached XP level 4. HP: 24/34 MP: 7/7
  1923 | D:2      | Quit the game

Vault maps used:
D:1:      dpeg_arrival_chambers_temple_mockup, minmay_misc_feat_five
D:2:      vehumet_crystals, uniq_natasha

Skill      XL: |  1  2  3 |
---------------+----------+-----
Long Blades    | 2 3 |  3.0
Throwing       | 1 |  1.0
Armour         | 1 |  1.0
Dodging        | 2 |  2.3
Fighting       | |  2.7
Spellcasting   | |  2.0
Translocations | |  2.6

Action                   |  1- 3 |  4- 6 || total
-------------------------+-------+-------++-------
Melee: Falchion          |   115 |     4 ||   119
Throw: Tomahawk          |     3 |       ||     3
  Use: Scroll            |     1 |       ||     1
  Eat: Chunk             |     2 |     1 ||     3
Armor: Leather armour    |    29 |     2 ||    31
Dodge: Dodged            |    63 |     5 ||    68
       Rpst.: Falchion   |    22 |     1 ||    23

Table legend:
 A = Spawn XP
 B = Non-spawn XP
 C = Spawn XP percentage of total XP
 D = Spawn monster count
 E = Non-spawn monster count
 F = Spawn count percentage of total count
 G = Total turns spent on level
                    A         B        C        D         E        F      G
               +---------+---------+-------+---------+---------+-------+---------
         Total |       0 |     100 |   0.0 |       0 |      40 |   0.0 |  1923
               +---------+---------+-------+---------+---------+-------+---------
           D:1 |       0 |      39 |   0.0 |       0 |      19 |   0.0 |  1307
           D:2 |       0 |      61 |   0.0 |       0 |      21 |   0.0 |   616
               +---------+---------+-------+---------+---------+-------+---------
